 Dungeon Sprint DCSS version 0.24.0-1-gfbc8707 (webtiles) character file.

Game seed: 7119106104639407012, levelgen mode: deterministic

176751 Fang the Conqueror (level 18, -2/217 HPs)
             Began as a Gargoyle Berserker on Nov 7, 2019.
             Was the Champion of Trog.
             Killed by divine providence
             ... invoked by a greater mummy
              (10 damage)
             ... in the Dungeon (Sprint V: "Ziggurat Sprint").
             The game lasted 00:12:58 (2345 turns).

Fang the Conqueror (Gargoyle Berserker)             Turns: 2345, Time: 00:12:58

Health: -2/217     AC: 56    Str: 36    XL:     18   Next: 14%
Magic:  0/18       EV: 10    Int: 12    God:    Trog [******]
Gold:   0          SH: 35    Dex:  4    Spells: 17/17 levels left

rFire    + + .     SeeInvis .   x - +7 broad axe (vamp)
rCold    + + .     Gourm    .   E - +18 shield of the Gong {rElec rN+ MR+ EV-5}
rNeg     + + +     Faith    .   b - +15 Maxwell's patent armour {-Cast -Tele rElec MR+ rCorr}
rPois    ∞         Spirit   +   (no helmet)
rElec    +         Reflect  .   I - +2 cloak {MR+}
rCorr    +         Harm     .   S - +1 pair of gloves of Complete Protection {rF+ rN++ Str-4 Stlth+}
MR       ++++.     Rnd*Rage +   (no boots) Stlth ..........NoTele +
                                O - amulet "Hematz" {Spirit rC+ Int+3}
HPRegen  0.46/turn NoCast   +   p - ring "Jifry" {rC+ EV+2}
MPRegen  0.16/turn              G - ring "Velim" {rF+ rCorr Str+7 Dex-5 Stlth-}

@: berserking, slowed, studying 2 skills
A: big wings, berserk 1, negative energy resistance 1, electricity resistance,
unbreathing, petrification resistance, rot immunity, AC +13
a: Fly, Berserk, Trog's Hand, Brothers in Arms, Renounce Religion


You were in the Dungeon.
You worshipped Trog.
Trog was exalted by your worship.
You were very hungry.

You visited 1 branch

Inventory:

Hand Weapons
 a - a +8 broad axe of freezing
 x - a +7 vampiric broad axe (weapon)
 N - the +6 broad axe of Arbitration {elec, Dex+3}
   (You found it in the Dungeon)

   Occasionally, upon striking a foe, it will discharge some electrical energy
   and cause terrible harm.
   It affects your dexterity (+3).
 T - a +8 antimagic broad axe
 V - the +6 broad axe of Lies {antimagic, rN+ Int+4}
   (Trog gifted it to you in the Dungeon)

   It reduces the magical energy of the wielder, and disrupts the spells and
   magical abilities of those hit.
   Natural abilities and divine invocations are not affected.
   It affects your intelligence (+4).
   It protects you from negative energy.
Armour
 b - the +15 Maxwell's patent armour (worn) {-Cast -Tele rElec MR+ rCorr}
   (You found it in the Dungeon)

   It insulates you from electricity.
   It affects your resistance to hostile enchantments.
   It prevents spellcasting.
   It prevents most forms of teleportation.
   It provides partial protection from all sources of acid and corrosion.
 y - a +2 pair of gloves of strength
 E - the +18 shield of the Gong (worn) {rElec rN+ MR+ EV-5}
   (You found it in the Dungeon)

   It affects your evasion (-5).
   It insulates you from electricity.
   It protects you from negative energy.
   It affects your resistance to hostile enchantments.
 I - a +2 cloak of magic resistance (worn)
 S - the +1 pair of gloves of Complete Protection (worn) {rF+ rN++ Str-4 Stlth+}
   (You found it in the Dungeon)

   It affects your strength (-4).
   It protects you from fire.
   It greatly protects you from negative energy.
   It makes you more stealthy.
Jewellery
 m - the amulet of Vitality {Regen+ HP+15}
   (You took it off a frost giant in the Dungeon)

   [amulet of regeneration]

   It affects your health (+15).
   It increases your rate of regeneration.
 p - the ring "Jifry" (left hand) {rC+ EV+2}
   (You found it in the Dungeon)

   [ring of evasion]

   It affects your evasion (+2).
   It protects you from cold.
 A - an uncursed ring of protection from magic
 B - the ring of Oriatih {Ice Str-5 Int+5}
   (You took it off a frost giant in the Dungeon)

   [ring of ice]

   It enhances your ice magic.
   It affects your strength (-5).
   It affects your intelligence (+5).
   It makes you vulnerable to fire.
   It protects you from cold.
 C - the ring of the Turtle {MR+ Int+2}
   (You found it in the Dungeon)

   [ring of protection from magic]

   It affects your intelligence (+2).
   It affects your resistance to hostile enchantments.
 F - an uncursed ring of see invisible
 G - the ring "Velim" (right hand) {rF+ rCorr Str+7 Dex-5 Stlth-}
   (You found it in the Dungeon)

   [ring of resist corrosion]

   It affects your strength (+7).
   It affects your dexterity (-5).
   It protects you from fire.
   It provides partial protection from all sources of acid and corrosion.
   It makes you less stealthy.
 H - the ring "Delic" {rPois MR+++ Int-5 Dex+3 Stlth+}
   (You found it in the Dungeon)

   [ring of stealth]

   It affects your intelligence (-5).
   It affects your dexterity (+3).
   It protects you from poison.
   It affects your resistance to hostile enchantments.
   It makes you more stealthy.
 J - an uncursed ring of fire
 K - an uncursed amulet of regeneration
 O - the amulet "Hematz" (around neck) {Spirit rC+ Int+3}
   (You found it in the Dungeon)

   [amulet of guardian spirit]

   It causes incoming damage to be split between your health and magic.
   It affects your intelligence (+3).
   It protects you from cold.
 P - the ring "Napytazxau" {rPois rF+ Dex+4}
   (You found it in the Dungeon)

   [ring of protection from fire]

   It affects your dexterity (+4).
   It protects you from fire.
   It protects you from poison.
 Q - an uncursed ring of magical power
 R - an uncursed ring of positive energy
 U - the ring of the Duke {rCorr Int+6}
   (You found it in the Dungeon)

   [ring of resist corrosion]

   It affects your intelligence (+6).
   It provides partial protection from all sources of acid and corrosion.
 W - the ring "Ruidiom" {+Inv +Fly Stlth+}
   (You found it in the Dungeon)

   [ring of flight]

   It lets you turn invisible.
   It lets you fly.
   It makes you more stealthy.
Wands
 u - a wand of disintegration (7)
 v - a wand of iceblast (7)
 w - a wand of acid (7)
Scrolls
 d - 9 scrolls of fog
 e - 2 scrolls of holy word
 i - 4 scrolls of blinking
 j - 4 scrolls of identify
 k - 5 scrolls of remove curse
 l - 2 scrolls of fear
 z - 4 scrolls of enchant armour
 D - a scroll of acquirement
Potions
 f - 10 potions of curing
 g - 14 potions of haste
 h - 3 potions of berserk rage
 n - 18 potions of heal wounds
 o - 2 potions of invisibility
 q - 5 potions of agility
 s - 5 potions of might
 t - 4 potions of resistance
Books
 L - a manual of Staves
 M - a manual of Long Blades
Comestibles
 c - 7 rations


   Skills:
 O Level 27 Fighting
 * Level 23.8 Axes
 + Level 23.9 Armour
 + Level 19.4 Dodging
 * Level 21.3 Shields


You had 17 spell levels left.
You didn't know any spells.
Your spell library was empty.

Dungeon Overview and Level Annotations

Branches:
Dungeon (1/1)

Altars:
Ashenzari
Cheibriados
Dithmenos
Elyvilon
Fedhas
Gozag
Hepliaklqana
Kikubaaqudgha
Makhleb
Nemelex Xobeh
Okawaru
Qazlal
Ru
Sif Muna
Trog
Uskayaw
Vehumet
Wu Jian
Xom
Yredelemnul
Zin
The Shining One
Beogh
Jiyva
Lugonu

Annotations:
D 1 transporter


Innate Abilities, Weirdness & Mutations

You are resistant to torment.
Your stone body is resilient. (AC +13)
You are immune to poison.
Your large and strong wings let you fly indefinitely.
You resist negative energy. (rN+)
You are resistant to electric shocks. (rElec)
You can survive without breathing.
You are immune to petrification.
You are immune to rotting.
You tend to lose your temper in combat.


Message History

You slice the mummy like a ripe choko!!!
You feel the power of Trog in you as your rage grows.
You destroy the mummy!
Trog accepts your kill.
You miss the emperor scorpion. You barely miss the sixfirhy.
You closely miss the emperor scorpion. You barely miss the emperor scorpion.
You hit the reaper. You barely miss the greater mummy.
You block the sixfirhy's attack.
BONNNG!
You block the emperor scorpion's attack.
PTOANNNG!
The emperor scorpion barely misses you.
The emperor scorpion claws you but does no damage.
The emperor scorpion stings you but does no damage.
You block the emperor scorpion's attack.
PTOANNNG!
The emperor scorpion claws you but does no damage.
The greater mummy casts a spell at you. Something smites you!
You die...

▓▓▓▓▓▓▓▓▓▓▓▓▓▓▓▓▓▓▓
......8©8......
.})[)).:.?)..[))
.?:||.)[[..|::""
.=[)..[[?..!))|=
.......MZ.......
.....8M4W8......
....8MMMMMM.....
...V.MM2@s......
.....8Mss3......
.....W4MZ.......
................
................
....▓.......▓...
...▓▓▓.....▓▓▓..
....▓.......▓...
................


You could see 2 greater mummies, 3 emperor scorpions, a reaper, a mummy priest,
a hellwing, 3 guardian mummies, 4 ushabtiu, a rust devil, 2 freezing wraiths, a
spectral adder, a sixfirhy, a vampire, 6 mummies and a leopard gecko skeleton.

Vanquished Creatures
  2 greater mummies (D)
  A shard shrike (D)
  A bone dragon (D)
  7 titans (D)
  3 acid blobs (D)
  6 fire giants (D)
  A shadow dragon (D)
  8 azure jellies (D)
  8 frost giants (D)
  2 very ugly things (D)
  8 stone giants (D)
  A spark wasp (D)
  A spark wasp (shapeshifter) (D)
  6 ettins (D)
  3 blizzard demons (D)
  A mummy priest (D)
  11 death oozes (D)
  4 great orbs of eyes (D)
  6 yaktaur captains (D)
  26 vault guards (D)
  2 ice dragons (D)
  A dancing weapon (D)
  3 death scarabs (D)
  2 vampire magi (D)
  A deep elf knight (D)
  4 skeletal warriors (D)
  2 glowing orange brains (D)
  A glowing orange brain (shapeshifter) (D)
  A deep troll (shapeshifter) (D)
  A death drake (shapeshifter) (D)
  2 deep elf archers (D)
  A lindwurm (shapeshifter) (D)
  2 necromancers (D)
  2 harpies (shapeshifter) (D)
  3 orb spiders (D)
  2 fauns (shapeshifter) (D)
  An ugly thing (D)
  3 shining eyes (D)
  2 cyclopes (D)
  2 wolf spiders (D)
  An elephant (D)
  A black mamba (D)
  5 toenail golems (D)
  4 eyes of devastation (D)
  A naga mage (D)
  A spiny frog (D)
  4 freezing wraiths (D)
  A rime drake (shapeshifter) (D)
  3 rime drakes (D)
  7 ice devils (D)
  A yaktaur (D)
  2 tormentors (D)
  5 guardian mummies (D)
  3 polar bears (D)
  2 jumping spiders (D)
  A merfolk (shapeshifter) (D)
  A meliai (shapeshifter) (D)
  17 slime creatures (D)
  A hornet (D)
  A snapping turtle (shapeshifter) (D)
  2 blink frogs (D)
  A slime creature (shapeshifter) (D)
  A raiju (shapeshifter) (D)
  3 hippogriffs (D)
  5 flying skulls (D)
  2 redbacks (D)
  A wyvern (D)
  3 ushabtiu (D)
  2 yaks (D)
  2 tarantellas (D)
  A golden eye (D)
  A neqoxec (D)
  A ynoxinul (D)
  An insubstantial wisp (D)
  A large abomination (D)
  A soldier ant (shapeshifter) (D)
  2 nagas (D)
  4 water moccasins (D)
  2 hell hounds (D)
  A floating eye (D)
  2 orc warriors (D)
  5 ice beasts (D)
  An eye of draining (D)
  2 necrophages (D)
  A wolf (D)
  A crocodile (D)
  2 wights (D)
  2 crimson imps (D)
  A quasit (D)
  6 jellies (D)
  3 orc priests (D)
  3 orc wizards (D)
  An iguana (D)
  An iron imp (D)
  7 mummies (D)
  3 adders (D)
  A river rat (D)
  2 shadow imps (D)
  7 white imps (D)
  An ooze (D)
  8 adder zombies (D)
  7 adder skeletons (D)
  2 orcs (D)
  5 bat skeletons (D)
  2 bat zombies (D)
  4 ball pythons (D)
  2 giant cockroach zombies (D)
  A jackal skeleton (D)
  A jackal zombie (D)
  A leopard gecko simulacrum (D)
  A leopard gecko skeleton (D)
  3 leopard gecko zombies (D)
  A quokka skeleton (D)
  2 quokka zombies (D)
335 creatures vanquished.

Vanquished Creatures (others)
  An orb spider (D)
1 creature vanquished.

Grand Total: 336 creatures vanquished

Notes
Turn   | Place    | Note
-------+----------+-------------------------------------------
     0 | D        | Fang the Gargoyle Berserker began the quest for the Orb.
     0 | D        | Reached XP level 1. HP: 14/14 MP: 1/1
     0 | D        | Found a blossoming altar of Fedhas.
     1 | D        | Found the +6 Majin-Bo {vamp, Archmagi MP+6 Int+6}
     1 | D        | Found the +7 great mace "Firestarter" {inner flame, rF++}
     1 | D        | Found a transporter.
     1 | D        | Found a viscous altar of Jiyva.
     1 | D        | Found an ancient bone altar of Kikubaaqudgha.
     1 | D        | Found a hazy altar of Hepliaklqana.
     1 | D        | Found a corrupted altar of Lugonu.
     1 | D        | Found an opulent altar of Gozag.
     1 | D        | Found a burning altar of Makhleb.
    15 | D        | Found a stormy altar of Qazlal.
    15 | D        | Found a sacrificial altar of Ru.
    15 | D        | Found an iron altar of Okawaru.
    15 | D        | Found a shimmering blue altar of Sif Muna.
    15 | D        | Found a sparkling altar of Nemelex Xobeh.
    15 | D        | Found a bloodstained altar of Trog.
    57 | D        | Found the +6 shillelagh "Devastator" {shatter}
    57 | D        | Found the +11 plutonium sword {*Contam Stlth-}
    57 | D        | Found the +8 lance "Wyrmbane" {slay drac, rPois rF+ rC+
                  | AC+3}
    57 | D        | Found the +9 sword of Zonguldrok {reap}
    57 | D        | Found the cursed +13 scythe of Curses {drain, *Curse}
    57 | D        | Found the +0 sword of Power
    57 | D        | Found the +7 mace of Variability {chain chaos}
    57 | D        | Found the +7 Singing Sword {slice, sonic wave}
    57 | D        | Found the +8 storm bow {elec, penet}
    58 | D        | Found the +9 heavy crossbow "Sniper" {velocity, Acc+∞ SInv}
    58 | D        | Found the +10 dark maul {crush}
    58 | D        | Found the +15 Maxwell's patent armour {-Cast -Tele rElec
                  | MR+ rCorr}
    58 | D        | Found the +18 shield of the Gong {rElec rN+ MR+ EV-5}
    58 | D        | Found the cursed +14 obsidian axe {chop, +Fly SInv *Curse}
   119 | D        | Entered arena 2.
   119 | D        | Noticed a quasit
   119 | D        | Found a transporter.
   123 | D        | Reached XP level 2. HP: 19/20 MP: 2/2
   130 | D        | Reached skill level 4 in Fighting
   130 | D        | Reached XP level 3. HP: 24/25 MP: 3/3
   137 | D        | Entered arena 3.
   137 | D        | Found a transporter.
   145 | D        | Reached ** piety under Trog
   145 | D        | Reached skill level 5 in Fighting
   145 | D        | Reached XP level 4. HP: 31/31 MP: 4/4
   147 | D        | Reached *** piety under Trog
   147 | D        | Reached skill level 5 in Armour
   211 | D        | Entered arena 4.
   211 | D        | Noticed a wolf
   211 | D        | Noticed a yak
   211 | D        | Found a transporter.
   214 | D        | Killed a wolf
   214 | D        | Reached skill level 6 in Fighting
   214 | D        | Reached skill level 5 in Axes
   214 | D        | Reached XP level 5. HP: 37/37 MP: 5/5
   217 | D        | Killed a yak
   217 | D        | Reached skill level 8 in Fighting
   217 | D        | Reached skill level 5 in Dodging
   217 | D        | Reached XP level 6. HP: 44/44 MP: 6/6
   217 | D        | Reached **** piety under Trog
   252 | D        | Entered arena 5.
   252 | D        | Noticed a deep elf archer
   252 | D        | Noticed a deep elf knight
   252 | D        | Noticed a deep elf archer
   252 | D        | Noticed a +1 trident of protection
   252 | D        | Found a transporter.
   259 | D        | Killed a deep elf knight
   259 | D        | Reached skill level 10 in Fighting
   259 | D        | Reached XP level 7. HP: 52/52 MP: 7/7
   259 | D        | Reached XP level 8. HP: 57/57 MP: 8/8
   266 | D        | Killed a +1 trident of protection
   266 | D        | Reached skill level 11 in Fighting
   266 | D        | Reached skill level 10 in Armour
   270 | D        | Killed a deep elf archer
   270 | D        | Reached ***** piety under Trog
   270 | D        | Reached XP level 9. HP: 44/64 MP: 9/9
   288 | D        | Killed a deep elf archer
   288 | D        | Reached skill level 10 in Axes
   476 | D        | Entered arena 6.
   476 | D        | Noticed a toenail golem
   476 | D        | Noticed a toenail golem
   476 | D        | Noticed a toenail golem
   476 | D        | Noticed a toenail golem
   476 | D        | Noticed a toenail golem
   476 | D        | Found a transporter.
   482 | D        | Killed a toenail golem
   482 | D        | Reached skill level 12 in Fighting
   483 | D        | Killed a toenail golem
   485 | D        | Killed a toenail golem
   485 | D        | Reached XP level 10. HP: 72/72 MP: 10/10
   487 | D        | Killed a toenail golem
   487 | D        | Received a gift from Trog
   487 | D        | Reached skill level 10 in Dodging
   488 | D        | Killed a toenail golem
   488 | D        | Reached skill level 13 in Fighting
   557 | D        | Entered arena 7.
   558 | D        | Found a transporter.
   579 | D        | Entered arena 8.
   579 | D        | Noticed a naga mage
   580 | D        | Found a transporter.
   583 | D        | Received a gift from Trog
   585 | D        | Reached ****** piety under Trog
   586 | D        | Killed a naga mage
   604 | D        | Entered arena 9.
   605 | D        | Identified the +8 whip of the Jester {slash, Int+3 Dex+2
                  | SInv}
   605 | D        | Found a transporter.
   613 | D        | Received a gift from Trog
   698 | D        | Entered arena 10.
   699 | D        | Found a transporter.
   701 | D        | Received a gift from Trog
   824 | D        | Entered arena 11.
   825 | D        | Found a transporter.
   828 | D        | Received a gift from Trog
   829 | D        | Received a gift from Trog
   858 | D        | Entered arena 12.
   858 | D        | Noticed an orb spider
   858 | D        | Noticed a bone dragon
   858 | D        | Noticed a glowing orange brain
   861 | D        | Found a transporter.
   864 | D        | Received a gift from Trog
   870 | D        | Killed a glowing orange brain
   870 | D        | Reached skill level 14 in Fighting
   872 | D        | Killed a bone dragon
   872 | D        | Reached XP level 11. HP: 80/80 MP: 6/11
   880 | D        | Killed an orb spider
   880 | D        | Reached skill level 15 in Fighting
   925 | D        | Entered arena 13.
   925 | D        | Noticed a vampire mage
   925 | D        | Noticed a vampire mage
   925 | D        | Noticed a necromancer
   925 | D        | Noticed a necromancer
   926 | D        | Noticed a skeletal warrior
   931 | D        | Killed a vampire mage
   931 | D        | Received a gift from Trog
   931 | D        | Reached skill level 15 in Armour
   935 | D        | Killed a vampire mage
   940 | D        | Killed a necromancer
   941 | D        | Killed a skeletal warrior
   941 | D        | Received a gift from Trog
   942 | D        | Killed a necromancer
   943 | D        | Found a transporter.
   981 | D        | Entered arena 14.
   982 | D        | Noticed a death ooze
   983 | D        | Noticed an azure jelly
   983 | D        | Noticed a death ooze
   983 | D        | Noticed a great orb of eyes
   989 | D        | Killed a death ooze
   989 | D        | Reached XP level 12. HP: 88/88 MP: 12/12
   991 | D        | Received a gift from Trog
   994 | D        | Killed a death ooze
   994 | D        | Reached skill level 16 in Fighting
   995 | D        | Killed an azure jelly
  1002 | D        | Killed a great orb of eyes
  1005 | D        | Received a gift from Trog
  1012 | D        | Found a transporter.
  1058 | D        | Entered arena 15.
  1059 | D        | Noticed a spark wasp
  1071 | D        | Killed a spark wasp
  1071 | D        | Reached skill level 17 in Fighting
  1075 | D        | Found a transporter.
  1130 | D        | Reached skill level 15 in Axes
  1167 | D        | Entered arena 16.
  1173 | D        | Received a gift from Trog
  1179 | D        | Received a gift from Trog
  1179 | D        | Reached XP level 13. HP: 96/96 MP: 13/13
  1190 | D        | Found a transporter.
  1205 | D        | Got the ring "Velim" {rF+ rCorr Str+7 Dex-5 Stlth-}
  1265 | D        | Entered arena 17.
  1268 | D        | Noticed a vault guard
  1268 | D        | Noticed a vault guard
  1268 | D        | Noticed a vault guard
  1268 | D        | Noticed a vault guard
  1268 | D        | Noticed a vault guard
  1268 | D        | Noticed a stone giant
  1268 | D        | Noticed a vault guard
  1268 | D        | Noticed a vault guard
  1268 | D        | Noticed a vault guard
  1269 | D        | Noticed a shadow dragon
  1269 | D        | Noticed a vault guard
  1269 | D        | Noticed a vault guard
  1269 | D        | Identified the +10 arbalest of Turmoil {elec, Fragile rN+
                  | Dex+2 Stlth+}
  1269 | D        | Noticed a yaktaur captain
  1269 | D        | Noticed a vault guard
  1269 | D        | Identified the +1 robe of Tomorrow {rN+++ Int-3 Dex+3}
  1269 | D        | Noticed a yaktaur captain
  1271 | D        | Found a transporter.
  1276 | D        | Killed a vault guard
  1276 | D        | Received a gift from Trog
  1276 | D        | Killed a vault guard
  1276 | D        | Reached skill level 18 in Fighting
  1279 | D        | Killed a vault guard
  1283 | D        | Killed a vault guard
  1283 | D        | Killed a vault guard
  1284 | D        | Killed a vault guard
  1284 | D        | Killed a stone giant
  1284 | D        | Killed a vault guard
  1284 | D        | Received a gift from Trog
  1286 | D        | Killed a vault guard
  1293 | D        | Killed a shadow dragon
  1293 | D        | Killed a yaktaur captain
  1293 | D        | Reached skill level 15 in Dodging
  1294 | D        | Killed a vault guard
  1297 | D        | Killed a vault guard
  1297 | D        | Reached skill level 19 in Fighting
  1302 | D        | Killed a yaktaur captain
  1307 | D        | Killed a vault guard
  1307 | D        | Received a gift from Trog
  1366 | D        | Entered arena 18.
  1369 | D        | Noticed a death ooze
  1369 | D        | Noticed a death ooze
  1369 | D        | Noticed an azure jelly
  1369 | D        | Noticed an azure jelly
  1370 | D        | Noticed a great orb of eyes
  1370 | D        | Noticed a death ooze
  1370 | D        | Noticed a death ooze
  1370 | D        | Noticed a great orb of eyes
  1372 | D        | Found a transporter.
  1374 | D        | Killed a death ooze
  1377 | D        | Killed a death ooze
  1379 | D        | Killed an azure jelly
  1380 | D        | Killed an azure jelly
  1380 | D        | Gained mutation: Your large and strong wings let you fly
                  | indefinitely. [Gargoyle growth]
  1380 | D        | Reached XP level 14. HP: 106/106 MP: 4/14
  1381 | D        | Received a gift from Trog
  1389 | D        | Received a gift from Trog
  1389 | D        | Reached skill level 20 in Fighting
  1441 | D        | Got the +6 broad axe of Arbitration {elec, Dex+3}
  1452 | D        | Entered arena 19.
  1453 | D        | Reached skill level 1 in Shields
  1453 | D        | Reached XP level 15. HP: 112/112 MP: 11/15
  1468 | D        | Received a gift from Trog
  1475 | D        | Received a gift from Trog
  1475 | D        | Reached skill level 5 in Shields
  1479 | D        | Received a gift from Trog
  1495 | D        | Found a transporter.
  1501 | D        | Got the ring "Jifry" {rC+ EV+2}
  1504 | D        | Got the amulet "Hematz" {Spirit rC+ Int+3}
  1530 | D        | Entered arena 20.
  1538 | D        | Found a transporter.
  1544 | D        | Reached skill level 21 in Fighting
  1545 | D        | Received a gift from Trog
  1557 | D        | Reached skill level 10 in Shields
  1559 | D        | Received a gift from Trog
  1567 | D        | Reached XP level 16. HP: 122/122 MP: 6/16
  1568 | D        | Reached skill level 22 in Fighting
  1631 | D        | Got the ring of the Turtle {MR+ Int+2}
  1689 | D        | Entered arena 21.
  1694 | D        | Found the +8 whip "Snakebite" {curare, rPois}
  1696 | D        | Found a transporter.
  1701 | D        | Received a gift from Trog
  1709 | D        | Received a gift from Trog
  1713 | D        | Received a gift from Trog
  1718 | D        | Received a gift from Trog
  1718 | D        | Received a gift from Trog
  1748 | D        | Got the ring "Delic" {rPois MR+++ Int-5 Dex+3 Stlth+}
  1756 | D        | Got the ring "Coda" {rC+ Dex+3 Slay-4}
  1782 | D        | Entered arena 22.
  1786 | D        | Noticed a shard shrike
  1794 | D        | Killed a shard shrike
  1799 | D        | Received a gift from Trog
  1809 | D        | Received a gift from Trog
  1817 | D        | Received a gift from Trog
  1864 | D        | Found a transporter.
  1876 | D        | Got the ring "Napytazxau" {rPois rF+ Dex+4}
  2022 | D        | Entered arena 23.
  2028 | D        | Noticed a titan
  2028 | D        | Noticed a titan
  2028 | D        | Noticed a titan
  2028 | D        | Noticed a titan
  2029 | D        | Noticed a titan
  2029 | D        | Noticed a titan
  2029 | D        | Noticed a titan
  2029 | D        | Identified the ring of Oriatih {Ice Str-5 Int+5}
  2032 | D        | Found the +8 demon blade "Bloodbane" {slice, *Rage +Rage
                  | Stlth-}
  2037 | D        | Killed a titan
  2037 | D        | Reached skill level 23 in Fighting
  2040 | D        | Killed a titan
  2042 | D        | Received a gift from Trog
  2047 | D        | Received a gift from Trog
  2047 | D        | Reached skill level 15 in Shields
  2048 | D        | Killed a titan
  2049 | D        | Received a gift from Trog
  2049 | D        | Reached skill level 24 in Fighting
  2052 | D        | Killed a titan
  2052 | D        | Received a gift from Trog
  2054 | D        | Received a gift from Trog
  2057 | D        | Reached XP level 17. HP: 133/133 MP: 11/17
  2058 | D        | Received a gift from Trog
  2062 | D        | Received a gift from Trog
  2067 | D        | Killed a titan
  2068 | D        | Killed a titan
  2068 | D        | Received a gift from Trog
  2068 | D        | Reached skill level 25 in Fighting
  2071 | D        | Killed a titan
  2075 | D        | Received a gift from Trog
  2101 | D        | Found a transporter.
  2128 | D        | Got the +1 pair of gloves of Complete Protection {rF+ rN++
                  | Str-4 Stlth+}
  2152 | D        | Got the ring of the Duke {rCorr Int+6}
  2184 | D        | Entered arena 24.
  2191 | D        | Noticed an acid blob
  2192 | D        | Noticed an acid blob
  2192 | D        | Noticed an acid blob
  2197 | D        | Paralysed by a floating eye for 2 turns
  2201 | D        | Received a gift from Trog
  2202 | D        | Killed an acid blob
  2209 | D        | Killed an acid blob
  2209 | D        | Received a gift from Trog
  2209 | D        | Reached skill level 26 in Fighting
  2210 | D        | Killed an acid blob
  2210 | D        | Paralysed by a floating eye for 3 turns
  2219 | D        | Received a gift from Trog
  2221 | D        | Received a gift from Trog
  2221 | D        | Gained mutation: You tend to lose your temper in combat. [a
                  | shining eye]
  2228 | D        | Received a gift from Trog
  2231 | D        | Got a brightly glowing broad axe {god gift}
  2232 | D        | Identified the +6 broad axe of Lies {antimagic, rN+ Int+4}
                  | (Trog gifted it to you in the Dungeon)
  2245 | D        | Found a transporter.
  2251 | D        | Got the ring "Ruidiom" {+Inv +Fly Stlth+}
  2299 | D        | Entered arena 25.
  2306 | D        | Noticed a greater mummy
  2307 | D        | Identified the amulet "Zoshre Opurgh" {Reflect Int+6 SH+2}
  2307 | D        | Identified the ring of Ircheec {+Fly rF+}
  2307 | D        | Noticed a greater mummy
  2307 | D        | Identified the +11 hand axe "Tubbuy" {freeze, *Slow rElec
                  | Str+3 Int+2}
  2307 | D        | Noticed a greater mummy
  2307 | D        | Noticed a greater mummy
  2309 | D        | Identified the +1 robe of Xoonako {rC- rN++}
  2321 | D        | Received a gift from Trog
  2323 | D        | Killed a greater mummy
  2323 | D        | Received a gift from Trog
  2323 | D        | Reached XP level 18. HP: 105/144 MP: 7/18
  2332 | D        | Received a gift from Trog
  2336 | D        | Killed a greater mummy
  2336 | D        | Reached skill level 27 in Fighting
  2341 | D        | Found a transporter.
  2344 | D        | Received a gift from Trog
  2344 | D        | HP: 8/217 [guardian mummy (14)]
  2345 | D        | Killed from afar by a greater mummy

Levels and vault maps discovered:
D:        sprint_v [room_start, room_1, room_2, room_3, room_4, room_5, room_6,
          room_7, room_8, room_9, room_10, room_11, room_12, room_13, room_14,
          room_15, room_16, room_17, room_18, room_19, room_20, room_21,
          room_22, room_23, room_24, room_25, room_26, room_27]

Skill      XL: |  1  2  3  4  5  6  7  8  9 10 11 12 13 14 15 16 17 18 |
---------------+-------------------------------------------------------+-----
Axes           | 3 4 5 6 8 9 10 12 13 15 16 17 19 21 23 | 23.8
Armour         | 3 4 6 7 9 11 12 14 15 17 19 20 22 23 | 23.9
Dodging        | 2 3 4 5 7 8 9 11 12 14 15 16 18 19 | 19.4
Fighting       | 4 5 6 8 10 11 12 14 15 17 19 20 21 24 26 27 | 27.0
Shields        | 1 11 16 20 21 | 21.3

Action                   |  1- 3 |  4- 6 |  7- 9 | 10-12 | 13-15 | 16-18 || total
-------------------------+-------+-------+-------+-------+-------+-------++-------
Melee: Broad axe         |    18 |    11 |    25 |   123 |   118 |   179 ||   474
Invok: Berserk           |     1 |     2 |     1 |     5 |     4 |     5 ||    18
  Use: Scroll            |       |       |       |       |     2 |     6 ||     8
       Potion            |       |       |       |       |     1 |       ||     1
  Eat: Chunk             |       |       |     1 |     4 |     5 |     7 ||    17
       Ration            |       |       |       |     1 |       |       ||     1
Armor: Plate armour      |    29 |     9 |    15 |    80 |    64 |   185 ||   382
Dodge: Dodged            |     4 |       |     5 |    17 |    23 |    61 ||   110
Block: Shield            |    39 |    14 |    41 |   164 |   178 |   284 ||   720
